 Dungeon Crawl Stone Soup version 0.20.1-1-g8b1a95d (webtiles) character file.

53 miragecloak the Cudgeler (level 4, -4/35 HPs)
             Began as a Formicid Abyssal Knight on July 3, 2017.
             Was a Follower of Lugonu.
             Slain by a gnoll
             ... wielding a cursed -3 halberd
              (11 damage)
             ... on level 2 of the Dungeon.
             The game lasted 00:00:55 (1391 turns).

miragecloak the Cudgeler (Formicid Abyssal Knight)  Turns: 1391, Time: 00:00:55

Health: -4/35      AC:  3    Str: 16    XL:     4   Next: 10%
Magic:  5/5        EV: 11    Int: 12    God:    Lugonu [*.....]
Gold:   125        SH:  0    Dex: 11    Spells: 3/3 levels left

rFire    . . .     SeeInvis +   a - +1 mace
rCold    . . .     Gourm    .   (no shield)
rNeg     . . .     Faith    .   b - +0 leather armour
rPois    .         Spirit   .   (helmet unavailable)
rElec    .         Reflect  .   (no cloak)
rCorr    .         Harm     .   (no gloves)
MR       .....                  (no boots)
Stlth    +.........             (no amulet)
Regen    0.2/turn               (no ring)
MPRegen  0.1/turn               (no ring)

@: lethally poisoned (-4 -> -6)
A: permanent stasis, dig shafts and tunnels, four strong arms, antennae 3
a: Dig, Shaft Self, Depart the Abyss, Renounce Religion


You were on level 2 of the Dungeon.
You worshipped Lugonu.
Lugonu was aware of your devotion.
You were hungry.

You visited 1 branch of the dungeon, and saw 2 of its levels.
You visited the Abyss 1 time.

You collected 125 gold pieces.

Inventory:

Hand Weapons
 a - a +1 mace (weapon)
Armour
 b - a +0 leather armour (worn)
Scrolls
 e - a scroll of teleportation {unknown}
 h - 3 scrolls of identify {unknown}
 i - 2 scrolls of fear {unknown}
 k - 2 scrolls of enchant armour {unknown}
 l - a scroll of blinking {unknown}
 m - a scroll of remove curse {unknown}
Potions
 d - a potion of cancellation {unknown}
 f - 2 potions of curing {unknown}
 n - a potion of brilliance {unknown}
 o - a potion of might {unknown}
 p - a potion of agility {unknown}
Comestibles
 c - 2 bread rations
 g - 3 royal jellies
 j - a meat ration


   Skills:
 - Level 3.2 Fighting
 + Level 4.0 Maces & Flails
 - Level 2.1 Armour
 - Level 0.8 Dodging
 - Level 2.1 Invocations


You had 3 spell levels left.
You didn't know any spells.

Dungeon Overview and Level Annotations

Branches:
Dungeon (2/15)

Altars:


Innate Abilities, Weirdness & Mutations

You cannot be hasted, slowed, berserked, paralysed or teleported.
You can dig through walls and to a lower floor.
Your four strong arms can wield two-handed weapons with a shield.
You have a pair of large antennae on your head. (SInv)


Message History

An adder and a gnoll come into view.
The adder hisses angrily.
The gnoll shouts!
The gnoll barely misses you.
The adder moves out of view.
The adder bites you but does no damage. The gnoll hits you with a flail!
The gnoll closely misses you. The adder bites you.
You are poisoned.
The adder poisons you!
You hit the gnoll.
The gnoll is heavily wounded.
You feel sick. The gnoll barely misses you. The gnoll closely misses you.
The adder bites you but does no damage.
You closely miss the gnoll.
The gnoll is heavily wounded.
The adder bites you but does no damage. The gnoll hits you with a flail!
* * * LOW HITPOINT WARNING * * *
The gnoll barely misses you. The gnoll hits you but does no damage.
The adder bites you but does no damage.
You feel sick.
The gnoll hits you from afar with a halberd!
You die...

#.# #.#.#(# #.####.#.# #.#
#.#.#.# #.# #.#.# #.# #.#.#.# #.#
#.#.# #.#####.#.#.###.####.#.#
.....................#.# ##
.#####...........#####.# #. .#
#(.......gg.# #.# ###. .#
#.........g.# #.#######... .#
#........S#@#####.........#.
.#####...#...###.......#######.#.
.........#..[.##..####.# #.....
###.........#.##..# #<#####.#.##
##.#...####.##..# #.....#.#.#
##.##.#####.##..# #.###...#.#
#.......<.#.##..# #.# #.###.#
#..##.###.#.##..# #.###.# #.#
#..##...........####.....###.#


You could see 3 gnolls.

Vanquished Creatures
  An adder (D:2)
  3 dart slugs
  3 leopard geckos (D:1)
  2 giant cockroaches (D:1)
  6 goblins
  4 hobgoblins
  6 kobolds
  3 bats
  2 frilled lizards
  4 rats
34 creatures vanquished.

Notes
Turn   | Place    | Note
-------+----------+-------------------------------------------
     0 | Abyss:1  | miragecloak the Formicid Abyssal Knight began the quest for the Orb.
     0 | Abyss:1  | Reached XP level 1. HP: 18/18 MP: 2/2
    34 | D:1      | Escaped the Abyss
    76 | D:1      | Reached XP level 2. HP: 23/24 MP: 3/3
   132 | D:1      | Reached skill level 3 in Maces & Flails
   147 | D:1      | Reached * piety under Lugonu
   381 | D:1      | Reached XP level 3. HP: 27/29 MP: 4/4
   815 | D:2      | Reached skill level 4 in Maces & Flails
   815 | D:2      | Reached XP level 4. HP: 26/35 MP: 5/5
  1391 | D:2      | Slain by a gnoll

Skill      XL: |  1  2  3 |
---------------+----------+-----
Maces & Flails | 3 4 |  4.0
Fighting       | |  3.2
Armour         | |  2.1
Dodging        | |  0.8
Invocations    | |  2.1

Action                   |  1- 3 |  4- 6 || total
-------------------------+-------+-------++-------
Melee: Mace              |    87 |     7 ||    94
Invok: Depart the Abyss  |     1 |       ||     1
  Eat: Chunk             |       |     1 ||     1
Armor: Leather armour    |    29 |     5 ||    34
Dodge: Dodged            |    65 |     7 ||    72
